MLB
CHICAGO WHITE SOX @ NEW YORK YANKEES
05/19/2099
 
TOP OF THE 1ST
Chicago White Sox batting - Pitching for New York Yankees : RHP Phil Ashworth
Pitching: RHP Phil Ashworth
Batting: RHB Luis Marquina 0-0: Ball
1-0: Ball
2-0: Ball
3-0: Base on Balls
Batting: LHB Bryan Lupo 0-0: Ball
1-0: Fly out, F9 (Flyball, 9, EV 78.8 MPH)
Batting: LHB Dan Roos 0-0: Ball
1-0: Swinging Strike
1-1: Ball
2-1: Ball
3-1: Base on Balls
Luis Marquina to second
Batting: LHB Josh Densmore 0-0: Swinging Strike
0-1: Ball
1-1: Foul Ball, location: 3F
1-2: Ball
2-2: Foul Ball, location: 23F
2-2: Foul Ball, location: 3FF
2-2: Fielders Choice at 2nd, 3-6 (Groundball, 34, EV 91.9 MPH)
Luis Marquina to third
Batting: LHB Tim Eaton 0-0: Ball
1-0: Called Strike
1-1: Foul Ball, location: 2F
1-2: Fly out, F7 (Line Drive, 78M, EV 86.3 MPH)
Top of the 1st over - 0 runs, 0 hits, 0 errors, 2 left on base; Chicago 0 - New York 0
BOTTOM OF THE 1ST
New York Yankees batting - Pitching for Chicago White Sox : RHP Keith Dragisic
Pitching: RHP Keith Dragisic
Batting: RHB Carlos Jeronimo 0-0: Ball
1-0: Swinging Strike
1-1: Ball
2-1: Ball
3-1: Base on Balls
Batting: RHB Cedric Tracy 0-0: DOUBLE (Line Drive, 78D, EV 111.9 MPH)
Carlos Jeronimo to third
Batting: RHB Brandon Thomas 0-0: Called Strike
0-1: Foul Ball, location: 2F
0-2: Strikes out swinging
Batting: LHB Jose Guevara 0-0: Called Strike
0-1: Foul Ball, location: 2F
0-2: Strikes out looking
Batting: RHB Zach Sterling 0-0: Ball
1-0: Fly out, F7 (Flyball, 7, EV 85.0 MPH)
Bottom of the 1st over - 0 runs, 1 hit, 0 errors, 2 left on base; Chicago 0 - New York 0
TOP OF THE 2ND
Chicago White Sox batting - Pitching for New York Yankees : RHP Phil Ashworth
Batting: RHB Cory Gilmore 0-0: Ball
1-0: Swinging Strike
1-1: Ground out 6-3 (Groundball, 6, EV 105.0 MPH)
Batting: LHB Kenny Helm 0-0: Called Strike
0-1: Ground out 4-3 (Groundball, 4, EV 95.0 MPH)
Batting: RHB Chris Hodges 0-0: Called Strike
0-1: Swinging Strike
0-2: Ball
1-2: Strikes out swinging
Top of the 2nd over - 0 runs, 0 hits, 0 errors, 0 left on base; Chicago 0 - New York 0
BOTTOM OF THE 2ND
New York Yankees batting - Pitching for Chicago White Sox : RHP Keith Dragisic
Batting: SHB Seth Hardenbrook 0-0: Ball
1-0: Called Strike
1-1: Called Strike
1-2: Strikes out looking
Batting: LHB Ryan McCullough 0-0: Fly out, F7 (Flyball, 7, EV 91.3 MPH)
Batting: RHB Aaron Comeaux 0-0: Called Strike
0-1: Fly out, F8 (Line Drive, 8LS, EV 95.6 MPH)
Bottom of the 2nd over - 0 runs, 0 hits, 0 errors, 0 left on base; Chicago 0 - New York 0
TOP OF THE 3RD
Chicago White Sox batting - Pitching for New York Yankees : RHP Phil Ashworth
Batting: SHB Jeremy Nussbaum 0-0: Ball
1-0: Called Strike
1-1: SINGLE (Groundball, 34D, EV 99.4 MPH)
Batting: RHB Luis Marquina 0-0: Ball
1-0: Ball
2-0: Swinging Strike
2-1: Called Strike
2-2: Foul Ball, location: 3SF
2-2: Ball
3-2: Fly out, F8 (Flyball, 8RM, EV 88.8 MPH)
Batting: LHB Bryan Lupo 0-0: Foul Ball, location: 7LSF
0-1: Called Strike
0-2: Strikes out swinging
Batting: LHB Dan Roos 0-0: Foul Ball, location: 5F
0-1: Called Strike
0-2: Fly out, F5 (Flyball, 5D, EV 93.1 MPH)
Top of the 3rd over - 0 runs, 1 hit, 0 errors, 1 left on base; Chicago 0 - New York 0
BOTTOM OF THE 3RD
New York Yankees batting - Pitching for Chicago White Sox : RHP Keith Dragisic
Batting: RHB Jeff Gerdom 0-0: Ball
1-0: Called Strike
1-1: Ball
2-1: Called Strike
2-2: Ball
3-2: Fly out, F7 (Line Drive, 78S, EV 94.4 MPH)
Batting: RHB Carlos Jeronimo 0-0: Foul Ball, location: 3FF
0-1: Ball
1-1: Ball
2-1: Ball
3-1: Foul Ball, location: 2F
3-2: Strikes out swinging
Batting: RHB Cedric Tracy 0-0: DOUBLE (Line Drive, 7LM, EV 86.3 MPH)
Batting: RHB Brandon Thomas 0-0: Called Strike
0-1: Foul Ball, location: 2F
0-2: Ball
1-2: Foul Ball, location: 9LSF
1-2: Strikes out swinging
Bottom of the 3rd over - 0 runs, 1 hit, 0 errors, 1 left on base; Chicago 0 - New York 0
TOP OF THE 4TH
Chicago White Sox batting - Pitching for New York Yankees : RHP Phil Ashworth
Batting: LHB Josh Densmore 0-0: Foul Ball, location: 2F
0-1: Foul Ball, location: 3F
0-2: Strikes out swinging
Batting: LHB Tim Eaton 0-0: Called Strike
0-1: Swinging Strike
0-2: Foul Ball, location: 2F
0-2: Strikes out swinging
Batting: RHB Cory Gilmore 0-0: Ball
1-0: Fly out, F4 (Popup, 23, EV 86.9 MPH)
Top of the 4th over - 0 runs, 0 hits, 0 errors, 0 left on base; Chicago 0 - New York 0
BOTTOM OF THE 4TH
New York Yankees batting - Pitching for Chicago White Sox : RHP Keith Dragisic
Batting: LHB Jose Guevara 0-0: Ball
1-0: Ball
2-0: Ball
3-0: Called Strike
3-1: Fly out, F7 (Flyball, 7LD, EV 110.0 MPH)
Batting: RHB Zach Sterling 0-0: Called Strike
0-1: Foul Ball, location: 5FF
0-2: Ball
1-2: Foul Ball, location: 23F
1-2: Foul Ball, location: 2RF
1-2: Ball
2-2: Strikes out swinging
Batting: SHB Seth Hardenbrook 0-0: Swinging Strike
0-1: Foul Ball, location: 2F
0-2: Strikes out looking
Bottom of the 4th over - 0 runs, 0 hits, 0 errors, 0 left on base; Chicago 0 - New York 0
TOP OF THE 5TH
Chicago White Sox batting - Pitching for New York Yankees : RHP Phil Ashworth
Batting: LHB Kenny Helm 0-0: Called Strike
0-1: Foul Ball, location: 5F
0-2: Ground out 4-3 (Groundball, 4, EV 95.0 MPH)
Batting: RHB Chris Hodges 0-0: Ball
1-0: Ball
2-0: Called Strike
2-1: SINGLE (Line Drive, 6MD, EV 104.4 MPH)
Batting: SHB Jeremy Nussbaum 0-0: Ball
1-0: Foul Ball, location: 23FF
1-1: Fly out, F7 (Flyball, 7S, EV 86.9 MPH)
Batting: RHB Luis Marquina 0-0: Ball
1-0: Called Strike
1-1: Ball
2-1: Called Strike
2-2: Foul Ball, location: 5FF
2-2: Ball
3-2: Fly out, F7 (Flyball, 8LS, EV 95.0 MPH)
Top of the 5th over - 0 runs, 1 hit, 0 errors, 1 left on base; Chicago 0 - New York 0
BOTTOM OF THE 5TH
New York Yankees batting - Pitching for Chicago White Sox : RHP Keith Dragisic
Batting: LHB Ryan McCullough 0-0: Called Strike
0-1: Ball
1-1: Called Strike
1-2: Ball
2-2: Fly out, F9 (Flyball, 9S, EV 93.1 MPH)
Batting: RHB Aaron Comeaux 0-0: Swinging Strike
0-1: Swinging Strike
0-2: Strikes out swinging
Batting: RHB Jeff Gerdom 0-0: Ball
1-0: Foul Ball, location: 2RF
1-1: Foul Ball, location: 9LSF
1-2: Strikes out swinging
Bottom of the 5th over - 0 runs, 0 hits, 0 errors, 0 left on base; Chicago 0 - New York 0
TOP OF THE 6TH
Chicago White Sox batting - Pitching for New York Yankees : RHP Phil Ashworth
Batting: LHB Bryan Lupo 0-0: Ball
1-0: Called Strike
1-1: Ball
2-1: Fly out, F9 (Flyball, 9, EV 80.6 MPH)
Batting: LHB Dan Roos 0-0: Swinging Strike
0-1: Foul Ball, location: 3FF
0-2: Ball
1-2: Strikes out swinging
Batting: LHB Josh Densmore 0-0: Ball
1-0: Ball
2-0: Swinging Strike
2-1: Ball
3-1: Foul Ball, location: 5F, Error on foul ball, E5
3-2: SINGLE (Flyball, 4MD, EV 95.0 MPH)
Batting: LHB Tim Eaton 0-0: Called Strike
0-1: Ball
1-1: Foul Ball, location: 7LMF
1-2: Fielders Choice at 2nd, 6-4 (Groundball, 6, EV 84.4 MPH)
Top of the 6th over - 0 runs, 1 hit, 1 error, 1 left on base; Chicago 0 - New York 0
BOTTOM OF THE 6TH
New York Yankees batting - Pitching for Chicago White Sox : RHP Keith Dragisic
Batting: RHB Carlos Jeronimo 0-0: SINGLE (Flyball, 9LS, EV 86.9 MPH)
Batting: RHB Cedric Tracy 0-0: Bunt missed!
0-1: Sac Bunt to P - play at first, batter OUT! 1-3
Carlos Jeronimo to second
Batting: RHB Brandon Thomas 0-0: Ball
1-0: Ball
2-0: Called Strike
2-1: Ball
3-1: Base on Balls
Batting: LHB Jose Guevara 0-0: Called Strike
0-1: Foul Ball, location: 7LSF
0-2: Ball
1-2: Foul Ball, location: 3SF
1-2: Strikes out looking
Batting: RHB Zach Sterling 0-0: Called Strike
0-1: Ball
1-1: Foul Ball, location: 25F
1-2: Strikes out looking
Bottom of the 6th over - 0 runs, 1 hit, 0 errors, 2 left on base; Chicago 0 - New York 0
TOP OF THE 7TH
Chicago White Sox batting - Pitching for New York Yankees : RHP Phil Ashworth
Batting: RHB Cory Gilmore 0-0: Ball
1-0: Swinging Strike
1-1: Swinging Strike
1-2: Strikes out looking
Batting: LHB Kenny Helm 0-0: Ball
1-0: Ground out 4-3 (Groundball, 4, EV 83.8 MPH)
Batting: RHB Chris Hodges 0-0: Called Strike
0-1: Swinging Strike
0-2: Ball
1-2: Ground out 6-3 (Groundball, 56, EV 78.1 MPH)
Top of the 7th over - 0 runs, 0 hits, 0 errors, 0 left on base; Chicago 0 - New York 0
BOTTOM OF THE 7TH
New York Yankees batting - Pitching for Chicago White Sox : RHP Keith Dragisic
Batting: SHB Seth Hardenbrook 0-0: Ball
1-0: Fly out, F9 (Flyball, 89M, EV 86.3 MPH)
Batting: LHB Ryan McCullough 0-0: Ball
1-0: Swinging Strike
1-1: Ball
2-1: Ball
3-1: Foul Ball, location: 7LDF
3-2: SINGLE (Groundball, 34D, EV 105.6 MPH)
Batting: RHB Aaron Comeaux 0-0: Fly out, F2 (Popup, 13S, EV 81.9 MPH)
Pitching: RHP Matthew Emerson
Batting: RHB Jeff Gerdom 0-0: Ball
1-0: Ball
2-0: Ground out 6-3 (Groundball, 6S, EV 88.8 MPH)
Bottom of the 7th over - 0 runs, 1 hit, 0 errors, 1 left on base; Chicago 0 - New York 0
TOP OF THE 8TH
Chicago White Sox batting - Pitching for New York Yankees : RHP Phil Ashworth
Pitching: RHP Jose Guajardo
Batting: SHB Jeremy Nussbaum 0-0: Called Strike
0-1: Called Strike
0-2: Ball
1-2: Fly out, F9 (Flyball, 9S, EV 80.0 MPH)
Batting: RHB Luis Marquina 0-0: Ball
1-0: Ball
2-0: Foul Ball, location: 23FF
2-1: Foul Ball, location: 9LSF
2-2: Ball
3-2: Foul Ball, location: 2F
3-2: Foul Ball, location: 3F
3-2: Fly out, F8 (Flyball, 8RXD, EV 101.3 MPH)
Batting: LHB Bryan Lupo 0-0: Ball
1-0: Fly out, F9 (Flyball, 89S, EV 92.5 MPH)
Top of the 8th over - 0 runs, 0 hits, 0 errors, 0 left on base; Chicago 0 - New York 0
BOTTOM OF THE 8TH
New York Yankees batting - Pitching for Chicago White Sox : RHP Matthew Emerson
Batting: RHB Carlos Jeronimo 0-0: Ball
1-0: Ball
2-0: Called Strike
2-1: Swinging Strike
2-2: Ground out 5-3 (Groundball, 5S, EV 69.4 MPH)
Batting: RHB Cedric Tracy 0-0: Called Strike
0-1: Fly out, F3 (Popup, 34, EV 77.5 MPH)
Batting: RHB Brandon Thomas 0-0: Ball
1-0: Ball
2-0: Fly out, F8 (Flyball, 8RXD, EV 109.4 MPH)
Bottom of the 8th over - 0 runs, 0 hits, 0 errors, 0 left on base; Chicago 0 - New York 0
TOP OF THE 9TH
Chicago White Sox batting - Pitching for New York Yankees : RHP Jose Guajardo
Pitching: RHP Jon Barton
Batting: LHB Dan Roos 0-0: Ball
1-0: Ball
2-0: Ground out 1-3 (Groundball, 13S, EV 60.6 MPH)
Batting: LHB Josh Densmore 0-0: Ball
1-0: Ball
2-0: Ball
3-0: Base on Balls
Batting: LHB Tim Eaton 0-0: Foul Ball, location: 7LSF
0-1: Ball
1-1: Ball
2-1: Ball
3-1: Called Strike
3-2: Fly out, F7 (Flyball, 78M, EV 87.5 MPH)
Batting: RHB Cory Gilmore 0-0: Ball
1-0: Called Strike
1-1: Foul Ball, location: 2F
1-2: Ball
2-2: Foul Ball, location: 2F
2-2: Ball
3-2: Ground out 4-3 (Groundball, 4, EV 107.5 MPH)
Top of the 9th over - 0 runs, 0 hits, 0 errors, 1 left on base; Chicago 0 - New York 0
BOTTOM OF THE 9TH
New York Yankees batting - Pitching for Chicago White Sox : RHP Matthew Emerson
Pitching: LHP Brian Alvarez
Pinch Hitting: RHB Matt Foulds 0-0: Ground out U3 (Groundball, 34, EV 82.5 MPH)
Batting: RHB Zach Sterling 0-0: Ball
1-0: Called Strike
1-1: Ball
2-1: Foul Ball, location: 2F
2-2: Ground out 6-3 (Groundball, 6, EV 81.9 MPH)
Batting: SHB Seth Hardenbrook 0-0: Ball
1-0: Ground out 5-3 (Groundball, 56S, EV 86.3 MPH)
Bottom of the 9th over - 0 runs, 0 hits, 0 errors, 0 left on base; Chicago 0 - New York 0
TOP OF THE 10TH
Chicago White Sox batting - Pitching for New York Yankees : RHP Jon Barton
Now at 1B: Matt Foulds
Batting: LHB Kenny Helm 0-0: Foul Ball, location: 2F
0-1: Ground out 4-3 (Groundball, 4M, EV 90.6 MPH)
Pinch Hitting: LHB Tyler Fauver 0-0: Called Strike
0-1: Ball
1-1: Fly out, F6 (Line Drive, 6, EV 65.0 MPH)
Batting: SHB Jeremy Nussbaum 0-0: Foul Ball, location: 3SF
0-1: Foul Ball, location: 2F
0-2: Ball
1-2: Fly out, F7 (Line Drive, 7, EV 84.4 MPH)
Top of the 10th over - 0 runs, 0 hits, 0 errors, 0 left on base; Chicago 0 - New York 0
BOTTOM OF THE 10TH
New York Yankees batting - Pitching for Chicago White Sox : LHP Brian Alvarez
Now at 2B: Brian Jones
Batting: LHB Ryan McCullough 0-0: Ball
1-0: Called Strike
1-1: Ball
2-1: Ball
3-1: Ground out 4-3 (Groundball, 34, EV 89.4 MPH)
Pitching: LHP Jonathan Obrochta
Batting: RHB Aaron Comeaux 0-0: Fly out, F9 (Flyball, 89S, EV 89.4 MPH)
Batting: RHB Jeff Gerdom 0-0: Called Strike
0-1: Ball
1-1: Called Strike
1-2: Ball
2-2: Strikes out swinging
Bottom of the 10th over - 0 runs, 0 hits, 0 errors, 0 left on base; Chicago 0 - New York 0
TOP OF THE 11TH
Chicago White Sox batting - Pitching for New York Yankees : RHP Jon Barton
Batting: RHB Luis Marquina 0-0: Called Strike
0-1: Fly out, F8 (Flyball, 8LM, EV 86.9 MPH)
Batting: LHB Bryan Lupo 0-0: Ground out 4-3 (Groundball, 4, EV 85.6 MPH)
Batting: LHB Dan Roos 0-0: Called Strike
0-1: Ball
1-1: Ball
2-1: Foul Ball, location: 5F
2-2: Strikes out swinging
Top of the 11th over - 0 runs, 0 hits, 0 errors, 0 left on base; Chicago 0 - New York 0
BOTTOM OF THE 11TH
New York Yankees batting - Pitching for Chicago White Sox : LHP Jonathan Obrochta
Batting: RHB Carlos Jeronimo 0-0: Ball
1-0: Swinging Strike
1-1: Swinging Strike
1-2: Strikes out swinging
Batting: RHB Cedric Tracy 0-0: Called Strike
0-1: Ball
1-1: Ball
2-1: DOUBLE (Line Drive, 89M, EV 89.4 MPH)
Batting: RHB Brandon Thomas 0-0: Intentional Walk
Batting: RHB Matt Foulds 0-0: Called Strike
0-1: Swinging Strike
0-2: Foul Ball, location: 9LDF
0-2: Foul Ball, location: 9LMF
0-2: Foul Ball, location: 9LSF
0-2: Strikes out looking
Batting: RHB Zach Sterling 0-0: Foul Ball, location: 2RF
0-1: Swinging Strike
0-2: Ball
1-2: Ball
2-2: Strikes out swinging
Bottom of the 11th over - 0 runs, 1 hit, 0 errors, 2 left on base; Chicago 0 - New York 0
TOP OF THE 12TH
Chicago White Sox batting - Pitching for New York Yankees : RHP Jon Barton
Pitching: RHP Anthony Gasper
Batting: LHB Josh Densmore 0-0: Ball
1-0: SINGLE (Groundball, 34D, EV 96.3 MPH)
Batting: LHB Tim Eaton 0-0: Called Strike
0-1: Ball
1-1: Called Strike
1-2: Foul Ball, location: 9LDF
1-2: Strikes out looking
Batting: RHB Cory Gilmore 0-0: Called Strike
0-1: Ball
1-1: Swinging Strike
1-2: Ball
2-2: SINGLE (Line Drive, 8LS, EV 98.1 MPH)
Josh Densmore to second
Batting: LHB Kenny Helm 0-0: Ball
1-0: Foul Ball, location: 9LSF
1-1: Ball
2-1: Fielders Choice at 2nd, 1-4 (Groundball, 25, EV 62.5 MPH)
Josh Densmore to third
Batting: RHB Brian Jones 0-0: SINGLE (Line Drive, 89M, EV 91.9 MPH)
Josh Densmore scores
Kenny Helm to second
Runner from 2nd tries for 3rd, SAFE, no throw by CF
Batting: SHB Jeremy Nussbaum 0-0: Ball
1-0: Ground out 4-3 (Groundball, 4, EV 86.9 MPH)
Top of the 12th over - 1 run, 3 hits, 0 errors, 2 left on base; Chicago 1 - New York 0
BOTTOM OF THE 12TH
New York Yankees batting - Pitching for Chicago White Sox : LHP Jonathan Obrochta
Pitching: RHP Jeremy Merenda
Now at 1B: Joey Aimone
Batting: SHB Seth Hardenbrook 0-0: Ball
1-0: SINGLE (Line Drive, 34D, EV 93.8 MPH)
Batting: LHB Ryan McCullough 0-0: Ball
1-0: Ball
2-0: Fielders Choice at 2nd, 6-4 (Groundball, 56, EV 100.0 MPH)
Pinch Hitting: LHB Ricky Delgado 0-0: Called Strike
0-1: Foul Ball, location: 3FF
0-2: Strikes out swinging
Pinch Hitting: LHB Bobby Brown 0-0: Ball
1-0: Foul Ball, location: 3F
1-1: Ball
2-1: Foul Ball, location: 2F
2-2: Ball
3-2: SINGLE (Flyball, 8LS, EV 88.1 MPH)
Ryan McCullough to second
Ryan McCullough to third
Batting: RHB Carlos Jeronimo 0-0: Ball
1-0: Swinging Strike
1-1: Foul Ball, location: 2F
1-2: Strikes out swinging
Bottom of the 12th over - 0 runs, 2 hits, 0 errors, 2 left on base; Chicago 1 - New York 0
Friday, May 3rd , 2024 - OOTP Baseball 24.11 Build 85